 Dungeon Crawl Stone Soup version 0.31-a0-202-g547052bce9 (webtiles) character file.

Game seed: 16714947454433259506

2632656 SwinebobAirpants the Marid (level 27, 226/226 HPs)
             Began as a Djinni Conjurer on June 25, 2023.
             Was the Champion of Makhleb.
             Escaped with the Orb
             ... and 4 runes on June 26, 2023!
             The game lasted 04:09:08 (58722 turns).

SwinebobAirpants the Marid (Djinni Conjurer)       Turns: 58722, Time: 04:09:09

Health: 226/226    AC: 16    Str: 14    XL:     27
Gold:   1714       EV: 27    Int: 34    God:    Makhleb [******] SH: 27 Dex: 18

rFire   + + +        H - +6 Majin-Bo {spellvamp, MP+6 Int+6}
rCold   + + +        n - +5 kite shield {rN+}
rNeg    + + .        h - +4 skin of Zhor {*Englaciate rC+++ SInv}
rPois   ∞            y - +2 hood of the Assassin {Detect Stab+ Stlth++}
rElec   +            w - scarf {rC+ rF+}
rCorr   .            F - +2 pair of gloves {hurl}
SInv    +            (boots unavailable)
Will    ++...        g - amulet of Tuacel {Reflect rElec MP+9 SH+5 Stlth-}
Stlth   +            k - +4 ring of protection
HPRegen 0.57/turn    j - ring of Gunam {rF+ rC+ rN+ Str+6 Dex+4}
MPRegen 0.00/turn

%: reflection, clarity
@: flying, hasted (expiring), studying 6 skills, very quick
A: sickness immunity, fire resistance 2, cold vulnerability 1, float, innate
caster, HP casting, extra vitality 1, large bone plates 1, clarity, dopey 1,
noise suppression
0: Orb of Zot
}: 4/15 runes: decaying, slimy, silver, gossamer
a: Renounce Religion, Minor Destruction, Lesser Servant of Makhleb, Major
Destruction, Greater Servant of Makhleb


You escaped.
You worshipped Makhleb.
Makhleb was exalted by your worship.
You visited 12 branches of the dungeon, and saw 54 of its levels.
You also visited: Trove, Gauntlet, Ice Cave and Wizlab.

You collected 7843 gold pieces.
You spent 6129 gold pieces at shops.

Inventory:

Hand Weapons
 A - the +5 demon whip "Spellbinder" {antimagic, disrupt, Will+}
   (You found it on level 3 of the Depths)

   Will:      It increases your willpower.
 H - the +6 Majin-Bo (weapon) {spellvamp, MP+6 Int+6}
   (You took it off a Hellbinder in a wizard's laboratory)

   Int:       It affects your intelligence (+6).
   MP:        It affects your magic capacity (+6).
Missiles
 i - 4 throwing nets
 O - 14 curare-tipped darts (quivered)
Armour
 h - the +4 skin of Zhor (worn) {*Englaciate rC+++ SInv}
   (You found it in an ice cave)

   *Englaciate: It radiates cold, occasionally slowing all nearby creatures who
   are not resistant to cold.
   rC:        It renders you almost immune to cold.
   SInv:      It lets you see invisible.
 n - a +5 kite shield of positive energy (worn)
 w - a scarf of resistance (worn)
 y - the +2 hood of the Assassin (worn) {Detect Stab+ Stlth++}
   (You found it on level 1 of the Realm of Zot)

   Detect:    It allows the wearer to sense nearby creatures.
   Stab+:     It allows the wearer to make particularly effective stabbing
   attacks against helpless or unaware enemies with any weapon.
   Stlth:     It makes you much more stealthy.
 F - a +2 pair of gloves of hurling (worn)
Jewellery
 b - a ring of resist corrosion
 g - the amulet of Tuacel (around neck) {Reflect rElec MP+9 SH+5 Stlth-}
   (You took it off a minotaur in a Gauntlet)

   [amulet of reflection]

   It reflects blocked missile attacks.
   rElec:     It insulates you from electricity.
   MP:        It affects your magic capacity (+9).
   SH:        It affects your SH (+5).
   Stlth:     It makes you less stealthy.
 j - the ring of Gunam (right hand) {rF+ rC+ rN+ Str+6 Dex+4}
   (You acquired it on level 3 of the Swamp)

   [ring of strength]

   Str:       It affects your strength (+6).
   Dex:       It affects your dexterity (+4).
   rF:        It protects you from fire.
   rC:        It protects you from cold.
   rN:        It protects you from negative energy.
 k - a +4 ring of protection (left hand)
 l - the ring "Siafyuho" {rF+ Will+ Dex+6}
   (You found it in an ice cave)

   [ring of dexterity]

   Dex:       It affects your dexterity (+6).
   rF:        It protects you from fire.
   Will:      It increases your willpower.
Wands
 v - a wand of digging (8)
 B - a wand of quicksilver (37)
 N - a wand of iceblast (48)
Scrolls
 c - 5 scrolls of blinking
 d - 27 scrolls of teleportation
 e - 3 scrolls of enchant weapon
 m - 10 scrolls of revelation
 t - 9 scrolls of fog
 u - 4 scrolls of silence
 x - 5 scrolls of immolation
 D - 3 scrolls of poison
 J - 13 scrolls of fear
 U - a scroll of brand weapon
 Y - 4 scrolls of butterflies
Potions
 a - 19 potions of ambrosia
 f - 13 potions of brilliance
 o - 6 potions of cancellation
 p - 12 potions of might
 r - 29 potions of curing
 s - 21 potions of heal wounds
 z - 4 potions of haste
 R - 5 potions of berserk rage
 T - 3 potions of invisibility
 V - 8 potions of resistance
 X - 11 potions of enlightenment
Miscellaneous
 E - the horn of Geryon (inert)
 G - a phial of floods
 P - a phantom mirror
 Q - a lightning rod (4/4)
 S - a tin of tremorstones (2/2)
 Z - a sack of spiders


   Skills:
 * Level 26.9 Fighting
 - Level 10.3 Armour
 + Level 23.9 Dodging
 - Level 2.0 Stealth
 - Level 12.0 Shields
 O Level 27 Spellcasting
 O Level 27 Conjurations
 O Level 27 Hexes
 O Level 27 Summonings
 O Level 27 Necromancy
 O Level 27 Translocations
 O Level 27 Transmutations
 O Level 27 Fire Magic
 O Level 27 Ice Magic
 O Level 27 Air Magic
 O Level 27 Earth Magic
 O Level 27 Poison Magic
 - Level 5.0 Evocations


You knew the following spells:

 Your Spells              Type           Power      Damage    Failure   Level
a - Chain Lightning       Conj/Air       62%        3d82      1%          9
b - Lesser Beckoning      Tloc           100%       N/A       0%          2
c - Anguish               Hex/Necr       62%        N/A       0%          4
d - Irradiate             Conj/Tmut      62%        3d32      0%          5
e - Disjunction           Tloc           62%        N/A       1%          8
h - Fulminant Prism       Conj/Hex       62%        3d26      0%          4
j - Iskenderun's Mystic   Conj/Tloc      100%       2d19      0%          4
k - Plasma Beam           Fire/Air       62%        2x1d78    0%          6
l - Lehudib's Crystal Sp  Conj/Erth      62%        10d14     1%          8
s - Maxwell's Capacitive  Air            62%        ∞         1%          8
v - Fireball              Conj/Fire      62%        3d24      0%          5
z - Summon Hydra          Summ           62%        N/A       0%          7
A - Magic Dart            Conj           100%       1d8       0%          1
C - Beastly Appendage     Tmut           100%       N/A       0%          1
K - Hailstorm             Conj/Ice       100%       3d20      0%          3
L - Ozocubu's Refrigerat  Ice            62%        4d21      0%          7
V - Searing Ray           Conj           100%       2d8       0%          2
Z - Dazzling Flash        Conj/Hex       100%       N/A       0%          3
Your spell library was empty.

Dungeon Overview and Level Annotations

Branches:
Dungeon (15/15)            Temple (1/1) D:7            Lair (5/5) D:9
  Swamp (4/4) Lair:3       Spider (4/4) Lair:2        Slime (5/5) Lair:5
    Orc (2/2) D:12            Elf (3/3) Orc:2        Vaults (5/5) D:14
  Crypt (0/3) Vaults:3     Depths (4/4) D:15           Hell (visited)
    Dis (0/7) Hell            Geh (0/7) Hell            Coc (0/7) Hell
    Tar (0/7) Hell            Zot (5/5) Depths:4      IceCv (visited)
 WizLab (visited)         Gauntlet (visited)

Altars:
Ashenzari
Cheibriados
Dithmenos
Elyvilon
Fedhas
Gozag
Hepliaklqana
Makhleb
Nemelex Xobeh
Okawaru
Qazlal
Ru
Trog
Uskayaw
Wu Jian
Xom
Yredelemnul
Zin
The Shining One
Jiyva
Lugonu

Shops:
D:4 (   Orc:2 [*(:   Vaults:2 :?=   Vaults:4 [   Vaults:5 *   Depths:1 :

Portals:
Hell: Depths:1 Depths:2 Depths:3 Depths:4
Abyss: Lair:5 Depths:2 Depths:3
Pandemonium: Depths:2 Depths:4
Ziggurat: Depths:4

Annotations:
Elf:1 1 runed translucent door, Qoro's ghost, adept DESu
Vaults:2 6 runed translucent doors


Innate Abilities, Weirdness & Mutations

You are immune to sickness and miasma.
You are immune to poison.
Your flesh is very heat resistant. (rF++)
You are vulnerable to cold. (rC-)
You float through the air rather than walking.
You learn spells naturally, not from books.
Your magical power is your life essence.
You have superior vitality. (+4 MHP)
You are partially covered in large bone plates. (SH +4)
You possess an exceptional clarity of mind.
You are dopey. (Int -2)
You passively dampen the noise of your surroundings.


Message History

Aiming: Dig
Press: ? - help, Shift-Dir - straight line A rock wall.
This square is covered in magical glow.
The rock shatters into small pieces.
You feel yourself speed up.
A cacodemon, a sixfirhy and an orange demon come into view.
You radiate an aura of cold.
The sixfirhy resists.
The cacodemon seems to slow down.
The orange demon seems to slow down.
The orange demon screeches!
The sixfirhy closely misses you.
You radiate an aura of cold.
The cacodemon resists.
The sixfirhy seems to slow down.
The orange demon seems to slow down.
You block the sixfirhy's attack.
You radiate an aura of cold.
The cacodemon resists.
The sixfirhy seems to slow down.
The orange demon seems to slow down.
The cacodemon is no longer moving slowly.
The sixfirhy completely misses you. The cacodemon completely misses you.
The cacodemon barely misses you.
Casting: Iskenderun's Mystic Blast (safe; 0% risk of failure)
Confirm with . or Enter, or press ? or * to list all spells.
You erupt in a blast of force!
The mystic blast hits the cacodemon!!
The cacodemon is moderately wounded.
The cacodemon is knocked back by the mystic blast.
The mystic blast hits the sixfirhy!!
The sixfirhy is heavily wounded.
The sixfirhy is knocked back by the mystic blast.
The sixfirhy slams into the rock wall!
The sixfirhy is heavily wounded.
The sixfirhy completely misses you. The sixfirhy attacks as you move away!
You block the sixfirhy's attack. x2
You hear a grinding noise.
There is a stone staircase leading up here.
You block the sixfirhy's attack.
You fly upwards.
There is a stone staircase leading down here.
There is an abandoned shop here.
Your extra speed is starting to run out.
There is a staircase leading out of the dungeon here.
You have escaped!

#.###........∩.§§§§≈≈#
#.##...........§~§§§≈#
#.##............~§§§≈#
#.##..........∩.§§§§§#
#.##.⌠...........§§§≈#
#.##............§§§§§#
#.#..........♣..§.~§§#
#.#...............§~≈#
#.+............@.§§~≈#
#.+..............§~§≈#
##.#..........♣...§~§≈#
#..#............♣§§§~≈#
.)###............§§§≈≈#
.## #.⌠.........∩§§§§≈#
## #............§§§§≈#
# #.........∩..§§§≈≈#
#####............§§§≈§#


There were no monsters in sight!

Vanquished Creatures
  A pandemonium lord (Zot:3)
  the Royal Jelly (Slime:5)
  A dread lich (Zot:5)
  7 orbs of fire (Zot:5)
  Mara (Vaults:4)
  2 ancient liches (Zot:5)
  Mennas (Depths:3)
  A juggernaut (Depths:3)
  The ghost of juan097 the Slayer, a master MiBe of Trog (Zot:5)
  Saint Roka (Vaults:1)
  6 Killer Klowns
  Xtahua (Depths:3)
  2 curse toes
  A caustic shrike (Depths:1)
  Geryon (Hell)
  10 golden dragons
  A Hellbinder (WizLab)
  A bone dragon (Depths:4)
  Nikola (Swamp:3)
  6 electric golems
  22 tentacled monstrosities
  Mlioglotl (Spider:2)
  A lich (Zot:3)
  A walking earthen tome (Depths:2)
  Asterion (Vaults:1)
  2 deep elf master archers (Elf:3)
  A walking frostbound tome (Depths:1)
  25 Orb Guardians (Zot:5)
  4 quicksilver dragons
  6 titans
  18 acid blobs
  Kirke (D:15)
  7 death cobs
  A thorn hunter (Swamp:3)
  12 shadow dragons
  Gastronok (Lair:2)
  Agnes (Elf:2)
  A sphinx (shapeshifter) (Vaults:5)
  4 ancient champions (Hell)
  6 sphinxes
  Donald (Vaults:4)
  16 storm dragons
  11 azure jellies
  6 tengu reavers
  9 draconian monks
  7 rockslimes
  8 draconian knights
  11 frost giants
  7 deep elf sorcerers (Elf:3)
  3 balrugs (WizLab)
  A juggernaut zombie (Depths:3)
  9 fire giants
  7 emperor scorpions
  3 iron dragons
  6 draconian shifters
  5 draconian scorchers
  3 deep elf elementalists (Elf:3)
  A ghost moth (shapeshifter) (Vaults:5)
  15 vault wardens
  10 ghost moths
  16 ironbound preservers
  4 draconian stormcallers
  A broodmother (Spider:3)
  8 orc warlords
  9 draconian annihilators
  21 very ugly things
  A demonspawn blood saint (Depths:2)
  3 war gargoyles
  7 quicksilver oozes
  5 reapers (Hell)
  28 stone giants
  The ghost of Pixtaico the Unseen, an adept FeNe of Elyvilon (Vaults:2)
  8 ironbound thunderhulks
  The ghost of Bekuax the Gelid, a journeyman MfIE of Gozag (Lair:4)
  4 formless jellyfish (Slime:2)
  7 black draconians
  A demonspawn black sun (WizLab)
  7 vampire knights
  3 deep elf demonologists
  7 spark wasps
  10 purple draconians
  11 dire elephants
  17 yellow draconians
  A lorocyproca (WizLab)
  A minotaur (Gauntlet)
  15 white draconians
  9 green draconians
  14 red draconians
  9 deep elf annihilators
  4 bunyips
  9 deep elf death magi
  A green death (WizLab)
  4 fire dragons
  A quicksilver dragon zombie (Hell)
  28 ettins
  4 entropy weavers
  12 deep elf high priests
  3 shambling mangroves
  6 yaktaur captains
  A merfolk impaler (Depths:1)
  Josephine (D:15)
  25 vault guards
  A hell beast (Depths:2)
  10 great orbs of eyes
  Erolcha (D:9)
  18 ice dragons
  A spriggan zombie (Depths:3)
  3 ogre magi
  4 peacekeepers
  11 ironbound frosthearts
  A hydra (shapeshifter) (Depths:4)
  5 rakshasas
  A catoblepas (shapeshifter) (Vaults:1)
  17 hydras
  8 spriggan air magi
  14 boulder beetles
  A catoblepas (Lair:5)
  2 ghost crabs
  2 radroaches
  28 dancing weapons
  5 centaur warriors
  9 two-headed ogres
  A death knight (D:15)
  13 alligators
  19 death yaks
  12 deep troll shamans
  7 tengu warriors
  4 hell hogs (Hell)
  4 demonic crawlers
  3 thrashing horrors (Lair:5)
  7 spriggan berserkers
  6 orc high priests (Orc:2)
  6 deep troll earth magi
  A titan zombie (Depths:2)
  21 hell knights
  19 deep elf knights
  7 sun demons
  3 skysharks
  Sonja (Lair:2)
  3 sixfirhies
  4 pharaoh ants
  8 soul eaters
  A goliath frog (Swamp:1)
  2 shadow wraiths (Hell)
  11 skeletal warriors
  11 iron trolls
  A death drake (shapeshifter) (D:14)
  A golden dragon zombie (Depths:2)
  3 spriggan druids (Swamp:4)
  52 deep trolls
  A glowing orange brain (shapeshifter) (Depths:1)
  A flayed ghost (Depths:2)
  2 orange crystal statues
  137 slime creatures
  8 bog bodies
  6 swamp dragons
  4 bunyip zombies (Swamp:4)
  16 deep elf archers
  2 shadow demons (WizLab)
  9 phantasmal warriors
  6 glowing orange brains
  A bunyip skeleton (Swamp:4)
  6 wizards
  12 orb spiders
  30 deep elf zephyrmancers
  12 steelbarb worms
  Pikel (D:5)
  10 lindwurms
  20 orc knights
  4 large abominations
  7 necromancers
  3 orc sorcerers (Orc:2)
  20 ironbound convokers
  31 deep elf pyromancers
  3 harpies (Vaults:4)
  5 shining eyes
  A tengu skeleton (Depths:2)
  2 oklob plants (Lair:2)
  2 will-o-the-wisps
  40 ugly things
  A fire giant zombie (Vaults:1)
  A manticore (D:15)
  5 cyclopes
  16 wolf spiders
  26 moths of wrath
  19 elephants
  A manticore (shapeshifter) (Vaults:5)
  9 rust devils (Hell)
  8 black mambas
  Joseph (D:10)
  Maurice (D:9)
  A draconian skeleton (Hell)
  A human skeleton (Vaults:1)
  2 ice statues (D:15)
  21 vault sentinels
  An eye of devastation (Depths:4)
  4 torpor snails
  10 smoke demons
  A gargoyle (D:12)
  A torpor snail (shapeshifter) (Elf:2)
  5 storm dragon simulacra (IceCv)
  5 orange demons (WizLab)
  Maggie (D:9)
  16 yaktaurs
  12 cane toads
  An efreet (D:9)
  3 sea snake zombies (Hell)
  2 hellions
  A rime drake (shapeshifter) (D:14)
  A tormentor (Hell)
  10 ice devils
  3 kobold demonologists (D:12)
  8 komodo dragons
  An elf skeleton (Vaults:1)
  2 yaktaurs (shapeshifter)
  7 tengu conjurers
  3 freezing wraiths
  A spark wasp simulacrum (Depths:2)
  2 ancient zymes (Lair:5)
  A polar bear (Lair:2)
  2 red devils (WizLab)
  A queen bee (Lair:4)
  4 golden dragon simulacra (IceCv)
  11 trolls
  A hydra zombie (Hell)
  12 meliai
  17 tarantellas
  13 tyrant leeches
  A tyrant leech (shapeshifter) (Depths:1)
  Prince Ribbit (Lair:2)
  Grinder (D:6)
  2 hellwings (WizLab)
  15 blink frogs
  16 hornets
  19 dream sheep
  An ice dragon zombie (Hell)
  A slime creature (shapeshifter) (Vaults:5)
  An alligator zombie (Hell)
  4 air elementals
  19 jumping spiders
  2 centaur simulacra (Gauntlet)
  A culicivora (shapeshifter) (D:14)
  3 shadows
  13 water elementals
  A vampire (D:12)
  14 spriggans
  8 wraiths
  3 fire elementals
  A fire dragon skeleton (Hell)
  21 culicivoras
  12 wyverns
  3 hogs (D:15)
  18 golden eyes
  35 yaks
  29 vampire mosquitoes
  4 wargs
  4 steam dragons
  12 basilisks
  4 chaos spawn
  A spriggan simulacrum (Swamp:4)
  50 redbacks
  A swamp worm (shapeshifter) (Vaults:5)
  26 swamp worms
  A harpy simulacrum (Hell)
  A hydra simulacrum (Hell)
  2 acid dragons
  A glowing shapeshifter skeleton (Depths:3)
  13 water moccasins
  4 floating eyes
  An ice beast (D:7)
  9 swamp drakes (Swamp:4)
  31 orc warriors
  2 black bears (D:7)
  An alligator simulacrum (Hell)
  5 ice dragon simulacra (IceCv)
  8 boggarts
  17 small abominations
  8 wolves (Lair:3)
  14 centaurs
  5 ogres
  A swamp dragon skeleton (Swamp:4)
  3 lemures (D:5)
  Blork the orc (D:4)
  8 kobold brigands
  12 bullfrogs
  2 glowing shapeshifter simulacra (Depths:3)
  2 scorpions
  A cane toad simulacrum (Gauntlet)
  6 earth elementals
  11 wights
  7 lindwurm simulacra (IceCv)
  33 killer bees
  An orc simulacrum (Vaults:1)
  11 electric eels
  5 howler monkeys
  3 hounds
  16 orc priests
  A jelly (D:7)
  6 iguanas
  25 orc wizards
  6 gnolls (D:6)
  10 adders
  A white imp (D:7)
  3 worms (D:2)
  The ghost of AwFulAwFulPlayer the Covert, a weakling GnDe (D:5)
  A dart slug (D:1)
  59 orcs
  6 ball pythons
  7 bats
  5 endoplasms
  3 giant cockroaches
  4 goblins
  2 hobgoblins
  2 jackals (D:4)
  19 kobolds
  6 quokkas
  3 frilled lizards
  20 rats
  A creeping inferno (Hell)
  6 fire vortices (Hell)
  A fulminant prism (Depths:4)
2472 creatures vanquished.

Vanquished Creatures (collateral kills)
  An emperor scorpion (Spider:4)
  An ironbound frostheart (Vaults:1)
  A hell hog (Hell)
  An ettin zombie (Vaults:1)
  A redback (Spider:1)
5 creatures vanquished.

Vanquished Creatures (others)
  A ghost moth (Zot:2)
  A slime creature (D:7)
  A yak (D:9)
  3 vampire mosquitoes (Swamp:3)
  An electric eel (D:10)
  4 foxfires
  369 fulminant prisms
380 creatures vanquished.

Grand Total: 2857 creatures vanquished

Notes
Turn   | Place    | Note
-------+----------+-------------------------------------------
     0 | D:1      | SwinebobAirpants the Djinni Conjurer began the quest for
                  | the Orb.
     0 | D:1      | SwinebobAirpants set off with the following spells
                  | memorised: Magic Dart, Searing Ray, Dazzling Flash,
                  | Fulminant Prism, Iskenderun's Mystic Blast.
     0 | D:1      | Reached XP level 1. HP: 15/15 MP: 0/0
   164 | D:1      | Reached XP level 2. HP: 21/21 MP: 0/0
   409 | D:1      | Reached XP level 3. HP: 21/25 MP: 0/0
   409 | D:1      | Learned a level 1 spell: Beastly Appendage
   767 | D:2      | Found a blossoming altar of Fedhas.
   908 | D:2      | Reached XP level 4. HP: 26/31 MP: 0/0
  1345 | D:3      | You are sucked into a shaft and drop 3 floors!
  1371 | D:6      | Reached XP level 5. HP: 16/35 MP: 0/0
  1371 | D:6      | Learned a level 2 spell: Lesser Beckoning
  1549 | D:6      | Reached skill level 5 in Spellcasting
  1549 | D:6      | Reached skill level 5 in Conjurations
  1549 | D:6      | Reached skill level 5 in Hexes
  1549 | D:6      | Reached skill level 5 in Summonings
  1549 | D:6      | Reached skill level 5 in Necromancy
  1549 | D:6      | Reached skill level 5 in Translocations
  1549 | D:6      | Reached skill level 5 in Transmutations
  1549 | D:6      | Reached skill level 5 in Fire Magic
  1549 | D:6      | Reached skill level 5 in Ice Magic
  1549 | D:6      | Reached skill level 5 in Air Magic
  1549 | D:6      | Reached skill level 5 in Earth Magic
  1549 | D:6      | Reached skill level 5 in Poison Magic
  1748 | D:6      | Reached XP level 6. HP: 38/40 MP: 0/0
  1782 | D:6      | Noticed an ogre
  1789 | D:6      | Killed an ogre
  1876 | D:6      | Reached XP level 7. HP: 32/45 MP: 0/0
  1876 | D:6      | Learned a level 3 spell: Hailstorm
  1941 | D:5      | Entered Level 5 of the Dungeon
  2356 | D:3      | Found a faded altar of an unknown god.
  2678 | D:4      | Found Xehi's Antique Weapon Shop.
  3216 | D:4      | Noticed Blork the orc
  3228 | D:4      | Killed Blork the orc
  3691 | D:5      | Found a sparkling altar of Nemelex Xobeh.
  3708 | D:5      | Noticed Pikel
  3722 | D:5      | Killed Pikel
  3723 | D:5      | Reached XP level 8. HP: 27/50 MP: 0/0
  3980 | D:5      | Found a transporter.
  3980 | D:5      | Found a transporter.
  3981 | D:5      | Noticed AwFulAwFulPlayer's ghost (weakling GnDe)
  4115 | D:5      | Reached skill level 1 in Fighting
  4115 | D:5      | Reached skill level 1 in Armour
  4115 | D:5      | Reached XP level 9. HP: 32/57 MP: 0/0
  4115 | D:5      | Learned a level 4 spell: Anguish
  4620 | D:5      | Killed AwFulAwFulPlayer's ghost
  4832 | D:6      | Noticed Grinder
  4836 | D:6      | Killed Grinder
  5026 | D:6      | Found a shadowy altar of Dithmenos.
  5382 | D:7      | Reached XP level 10. HP: 52/69 MP: 0/0
  5384 | D:7      | Reached skill level 5 in Fighting
  5384 | D:7      | Reached skill level 5 in Armour
  5606 | D:7      | Found a staircase to the Ecumenical Temple.
  5615 | Temple   | Entered the Ecumenical Temple
  6249 | D:7      | Found an ornate altar of the Wu Jian Council.
  7411 | D:9      | Noticed Maggie
  7565 | D:9      | Killed Maggie
  7566 | D:9      | Reached skill level 10 in Spellcasting
  7566 | D:9      | Reached skill level 10 in Conjurations
  7566 | D:9      | Reached skill level 10 in Hexes
  7566 | D:9      | Reached skill level 10 in Summonings
  7566 | D:9      | Reached skill level 10 in Necromancy
  7566 | D:9      | Reached skill level 10 in Translocations
  7566 | D:9      | Reached skill level 10 in Transmutations
  7566 | D:9      | Reached skill level 10 in Fire Magic
  7566 | D:9      | Reached skill level 10 in Ice Magic
  7566 | D:9      | Reached skill level 10 in Air Magic
  7566 | D:9      | Reached skill level 10 in Earth Magic
  7566 | D:9      | Reached skill level 10 in Poison Magic
  7566 | D:9      | Reached XP level 11. HP: 72/81 MP: 0/0
  7566 | D:9      | Learned a level 5 spell: Irradiate
  7619 | D:9      | Noticed Erolcha
  7630 | D:9      | Reached skill level 1 in Shields
  7644 | D:9      | Killed Erolcha
  7656 | D:9      | HP: 4/82 [killer bee (1)]
  7920 | D:9      | Found a staircase to the Lair.
  7984 | D:9      | Found a bloodstained altar of Trog.
  8016 | D:9      | Noticed Maurice
  8022 | D:9      | Killed Maurice
  8143 | D:9      | Found a glowing silver altar of Zin.
  8143 | D:9      | Found a glowing golden altar of the Shining One.
  8143 | D:9      | Found a white marble altar of Elyvilon.
  8649 | Temple   | Became a worshipper of Makhleb the Destroyer
  8733 | D:10     | Entered Level 10 of the Dungeon
  8745 | D:10     | Noticed a two-headed ogre
  8754 | D:10     | Killed a two-headed ogre
  8780 | D:10     | Noticed a two-headed ogre
  8798 | D:10     | Killed a two-headed ogre
  8799 | D:10     | Reached skill level 5 in Shields
  9359 | D:10     | Noticed Joseph
  9373 | D:10     | Killed Joseph
  9374 | D:10     | Reached XP level 12. HP: 31/91 MP: 0/0
  9488 | D:10     | Found a runed translucent door.
  9500 | D:10     | Found a runed translucent door.
  9511 | D:10     | Found a runed translucent door.
  9517 | D:10     | Found a runed translucent door.
  9929 | D:11     | Reached skill level 10 in Fighting
 10052 | D:11     | Reached * piety under Makhleb
 10265 | D:11     | Noticed a two-headed ogre
 10275 | D:11     | Killed a two-headed ogre
 10546 | D:12     | Noticed a boulder beetle
 10557 | D:12     | Killed a boulder beetle
 10718 | D:12     | Reached ** piety under Makhleb
 10734 | D:12     | Noticed a skeletal warrior
 10792 | D:12     | Noticed a skeletal warrior
 10801 | D:12     | Noticed a skeletal warrior
 10803 | D:12     | Noticed a skeletal warrior
 10814 | D:12     | Killed a skeletal warrior
 10815 | D:12     | Reached XP level 13. HP: 93/99 MP: 0/0
 10815 | D:12     | Learned a level 5 spell: Fireball
 11104 | D:12     | Found a staircase to the Orcish Mines.
 11367 | D:12     | Reached *** piety under Makhleb
 11728 | Lair:1   | Entered Level 1 of the Lair of Beasts
 12214 | Lair:1   | Identified a scroll of acquirement
 12434 | Lair:2   | Noticed Gastronok
 12585 | Lair:2   | Noticed Prince Ribbit
 12591 | Lair:2   | Killed Prince Ribbit
 12628 | Lair:2   | Noticed Sonja
 12635 | Lair:2   | Killed Sonja
 12650 | Lair:2   | Reached **** piety under Makhleb
 12815 | Lair:2   | Found a hole to the Spider Nest.
 12997 | Lair:2   | Reached XP level 14. HP: 100/111 MP: 0/0
 13028 | Lair:2   | Killed Gastronok
 13326 | Lair:2   | Found a blossoming altar of Fedhas.
 14058 | Lair:3   | Found a staircase to the Swamp.
 14486 | Lair:4   | Reached ***** piety under Makhleb
 14492 | Lair:4   | Noticed Bekuax's ghost (journeyman MfIE)
 14501 | Lair:4   | Found a bloodstained altar of Trog.
 14521 | Lair:4   | Reached skill level 15 in Fighting
 14554 | Lair:4   | Found a transporter.
 14584 | Lair:4   | Found a transporter.
 14730 | Lair:4   | Reached XP level 15. HP: 120/120 MP: 0/0
 14730 | Lair:4   | Learned a level 6 spell: Plasma Beam
 15176 | Lair:5   | Entered Level 5 of the Lair of Beasts
 15554 | Lair:5   | Found a viscous altar of Jiyva.
 15554 | Lair:5   | Found a staircase to the Slime Pits.
 15975 | Lair:5   | Reached ****** piety under Makhleb
 16234 | Lair:5   | Found a corrupted altar of Lugonu.
 16234 | Lair:5   | Found a one-way gate to the infinite horrors of the Abyss.
 16297 | Lair:5   | Reached XP level 16. HP: 130/130 MP: 0/0
 16730 | D:13     | Reached skill level 15 in Spellcasting
 16730 | D:13     | Reached skill level 15 in Conjurations
 16730 | D:13     | Reached skill level 15 in Hexes
 16730 | D:13     | Reached skill level 15 in Summonings
 16730 | D:13     | Reached skill level 15 in Necromancy
 16730 | D:13     | Reached skill level 15 in Translocations
 16730 | D:13     | Reached skill level 15 in Transmutations
 16730 | D:13     | Reached skill level 15 in Fire Magic
 16730 | D:13     | Reached skill level 15 in Ice Magic
 16730 | D:13     | Reached skill level 15 in Air Magic
 16730 | D:13     | Reached skill level 15 in Earth Magic
 16730 | D:13     | Reached skill level 15 in Poison Magic
 16862 | D:13     | Found a gate leading to a gauntlet.
 16881 | Gauntlet | Entered a Gauntlet
 16881 | Gauntlet | Found a transporter.
 16881 | Gauntlet | Found a transporter.
 16881 | Gauntlet | Found a transporter.
 16903 | Gauntlet | Found a transporter.
 16913 | Gauntlet | Found a transporter.
 16917 | Gauntlet | Found a transporter.
 16933 | Gauntlet | Found a transporter.
 16952 | Gauntlet | Found a transporter.
 16956 | Gauntlet | Found a transporter.
 16960 | Gauntlet | Found a transporter.
 16972 | Gauntlet | Found a transporter.
 16976 | Gauntlet | Found a transporter.
 17136 | Gauntlet | Reached skill level 1 in Evocations
 17147 | Gauntlet | Identified the +1 hat "Umewn" {Str-3 Dex+3 SInv}
 17280 | Gauntlet | Identified the amulet of Tuacel {Reflect rElec MP+9 SH+5
                  | Stlth-}
 18348 | D:14     | Found a gate to the Vaults.
 18688 | D:15     | Entered Level 15 of the Dungeon
 18864 | D:15     | Found a staircase to the Depths.
 18877 | D:15     | Reached skill level 5 in Dodging
 19013 | D:15     | Noticed Josephine
 19020 | D:15     | Killed Josephine
 19055 | D:15     | Found a frozen archway.
 19193 | IceCv    | Entered an ice cave
 19297 | IceCv    | Found the +4 skin of Zhor {*Englaciate rC+++ SInv}
 19594 | IceCv    | Reached XP level 17. HP: 111/138 MP: 0/0
 19594 | IceCv    | Learned a level 7 spell: Ozocubu's Refrigeration
 19659 | IceCv    | Noticed a golden dragon
 19686 | IceCv    | Killed a golden dragon
 19688 | IceCv    | Reached skill level 5 in Evocations
 19810 | IceCv    | Identified the ring "Siafyuho" {rF+ Will+ Dex+6}
 19812 | IceCv    | Identified the ring "Noprexzi" {Ice rPois}
 19913 | D:15     | Noticed Kirke
 19917 | D:15     | Killed Kirke
 20463 | D:4      | Bought a steaming rapier for 162 gold pieces
 20463 | D:4      | Identified the +8 rapier "Cuiqaas" {heavy, Int+5 Dex+2}
                  | (You bought it in a shop on level 4 of the Dungeon)
 20647 | Orc:1    | Entered Level 1 of the Orcish Mines
 20906 | Orc:2    | Entered Level 2 of the Orcish Mines
 21466 | Orc:2    | Found Tosiuj's Antique Weapon Emporium.
 21496 | Orc:2    | Found Zig Vec's General Store.
 21559 | Orc:2    | Found Idylumoy's Book Shop.
 21690 | Orc:2    | Found a staircase to the Elven Halls.
 21699 | Orc:2    | Found Qoghanuo's Antique Armour Emporium.
 21783 | Orc:2    | Bought a sapphire-encrusted ring mail for 234 gold pieces
 21783 | Orc:2    | Identified the +3 ring mail of the Salmon {rPois} (You
                  | bought it in a shop on level 2 of the Orcish Mines)
 21807 | Orc:2    | Bought a masterwork flail for 255 gold pieces
 21807 | Orc:2    | Identified the +5 flail "Embalmer" {freeze, rF+ Str+3} (You
                  | bought it in a shop on level 2 of the Orcish Mines)
 22327 | Lair:4   | Killed Bekuax's ghost
 22453 | Swamp:1  | Entered Level 1 of the Swamp
 22454 | Swamp:1  | Upgraded the game from 0.31-a0-196-g86fe4a5e66 to
                  | 0.31-a0-198-g2ad674f65e
 23544 | Swamp:3  | Noticed a tentacled monstrosity
 23560 | Swamp:3  | Killed a tentacled monstrosity
 23768 | Swamp:3  | Noticed a thorn hunter
 23773 | Swamp:3  | Killed a thorn hunter
 23774 | Swamp:3  | Reached XP level 18. HP: 147/147 MP: 0/0
 23782 | Swamp:3  | Noticed Nikola
 23786 | Swamp:3  | Killed Nikola
 23850 | Swamp:3  | Acquired the ring of Gunam {rF+ rC+ rN+ Str+6 Dex+4}
 24830 | Swamp:4  | Entered Level 4 of the Swamp
 24855 | Swamp:4  | Reached skill level 10 in Dodging
 25424 | Swamp:4  | Got a decaying rune of Zot
 26105 | Spider:1 | Entered Level 1 of the Spider Nest
 26397 | Spider:1 | Reached XP level 19. HP: 140/154 MP: 0/0
 26397 | Spider:1 | Learned a level 7 spell: Summon Hydra
 26615 | Spider:2 | Noticed Mlioglotl
 26732 | Spider:2 | Killed Mlioglotl
 26785 | Spider:2 | Identified the amulet of Serendipity {Spirit rElec rCorr
                  | Int-2 Slay-3}
 28063 | Spider:4 | Entered Level 4 of the Spider Nest
 29447 | Spider:4 | Reached XP level 20. HP: 162/162 MP: 0/0
 29622 | Spider:4 | Got a gossamer rune of Zot
 30593 | Vaults:1 | Entered Level 1 of the Vaults
 30723 | Vaults:1 | Noticed Saint Roka
 30727 | Vaults:1 | Killed Saint Roka
 30727 | Vaults:1 | Noticed Asterion
 30734 | Vaults:1 | Killed Asterion
 30994 | Vaults:1 | Found a magical portal.
 31092 | WizLab   | Entered The Hall of the Hellbinder
 31412 | WizLab   | Identified the ring of Zaeci {Fly rElec rPois rC+ Int+3}
 31412 | WizLab   | Noticed Hoenlab
 31424 | WizLab   | Killed Hoenlab the Hellbinder
 31432 | WizLab   | Found a burning altar of Makhleb.
 31445 | WizLab   | Identified the ring "Ceigezast" {Ice Int+5 Dex-2}
 31467 | WizLab   | Identified the amulet "Xierr" {Faith rElec Will+ Slay+2}
 32217 | Vaults:1 | Reached XP level 21. HP: 170/170 MP: 0/0
 32217 | Vaults:1 | Learned a level 8 spell: Disjunction
 33230 | Vaults:2 | Found Ryadoshe's Magic Scroll Shop.
 33239 | Vaults:2 | Found Utyhibauqa's Jewellery Shop.
 33246 | Vaults:2 | Identified the +7 chain mail "Inytoosh" {rC+}
 33251 | Vaults:2 | Found Adaawk's Book Shop.
 33506 | Vaults:2 | Found a large runed translucent door.
 33506 | Vaults:2 | Found a large runed translucent door.
 33506 | Vaults:2 | Found a large runed translucent door.
 33506 | Vaults:2 | Found a large runed translucent door.
 33506 | Vaults:2 | Found a large runed translucent door.
 33506 | Vaults:2 | Found a large runed translucent door.
 33506 | Vaults:2 | Found a large runed translucent door.
 33506 | Vaults:2 | Found a large runed translucent door.
 33506 | Vaults:2 | Noticed Pixtaico's ghost (adept FeNe)
 33517 | Vaults:2 | Killed Pixtaico's ghost
 33522 | Vaults:2 | Identified the amulet "Bexkig Laba" {Reflect -Cast Will+
                  | SH+5 Stlth+}
 34147 | Vaults:3 | Found a staircase to the Crypt.
 34147 | Vaults:3 | Found a basalt altar of Yredelemnul.
 34198 | Vaults:3 | Reached skill level 15 in Dodging
 34597 | Vaults:3 | Reached XP level 22. HP: 178/178 MP: 0/0
 35223 | Vaults:4 | Noticed Mara
 35231 | Vaults:4 | Noticed SwinebobAirpants's illusion
 35231 | Vaults:4 | Killed Mara
 35309 | Vaults:4 | Noticed Donald
 35315 | Vaults:4 | Killed Donald
 35855 | Vaults:4 | Found Gola's Armour Emporium.
 36373 | Orc:2    | Bought a manual of Ice Magic for 1120 gold pieces
 36403 | Elf:1    | Entered Level 1 of the Elven Halls
 36547 | Elf:1    | Paralysed by an air elemental for 1 turns
 36604 | Elf:1    | Noticed Qoro's ghost (adept DESu)
 36613 | Elf:1    | Found a runed translucent door.
 37388 | Elf:2    | Noticed Agnes
 37393 | Elf:2    | Killed Agnes
 37395 | Elf:2    | Reached XP level 23. HP: 186/186 MP: 0/0
 37395 | Elf:2    | Learned a level 8 spell: Lehudib's Crystal Spear
 37644 | Elf:2    | Reached XP level 24. HP: 193/193 MP: 0/0
 37760 | Elf:2    | Found a runed translucent gate.
 37760 | Elf:2    | Found a runed translucent gate.
 37760 | Elf:2    | Found a runed translucent gate.
 37793 | Elf:2    | Paralysed by an air elemental for 1 turns
 37967 | Elf:2    | Identified the +4 rapier of Gozag's Approval {elec, Str+2
                  | Int+3 Dex+3}
 38525 | Elf:3    | Entered Level 3 of the Elven Halls
 39369 | Elf:3    | Identified the ring "Wefeakoj" {Ice rPois rN+ MP+9}
 39408 | Elf:3    | Identified the +5 short sword "Pihysoge" {venom, Str+4}
 39421 | Elf:3    | Identified the +0 ring mail of the Assorted Demons {rElec}
 39432 | Elf:3    | Identified the +11 battleaxe "Luroto" {pain, Dex+2}
 39474 | Elf:3    | Identified the staff "Ihural" {Int+2 Earth}
 39477 | Elf:3    | Identified the ring "Jicuriz" {Fly rC- Str+9}
 39516 | Elf:3    | Identified the ring "Vieklym" {rPois rF+ rC+}
 40050 | Slime:1  | Entered Level 1 of the Pits of Slime
 40333 | Slime:2  | You are sucked into a shaft and drop 2 floors!
 41004 | Slime:2  | Reached XP level 25. HP: 201/201 MP: 0/0
 41004 | Slime:2  | Learned a level 8 spell: Maxwell's Capacitive Coupling
 41339 | Slime:1  | Gained mutation: Armour fits poorly on your strangely
                  | shaped body. [a shining eye]
 41854 | Slime:5  | Entered Level 5 of the Pits of Slime
 41879 | Slime:5  | Noticed the Royal Jelly
 41896 | Slime:5  | Killed the Royal Jelly
 42181 | Slime:5  | Found the +7 great mace "Firestarter" {flame, immolate,
                  | rFlCloud rF++}
 42184 | Slime:5  | Identified the +3 ring mail "Qesousch" {SInv}
 42213 | Slime:5  | Got a slimy rune of Zot
 42214 | Slime:5  | Identified the amulet of Vofroun {Spirit rCorr}
 42241 | Slime:5  | Identified the ring "Uvablol" {*Slow rElec rC+++ rN+ rCorr}
 42256 | Slime:5  | Identified the ring "Ekhluwoi" {rF+ rN+ Stlth+}
 42567 | D:15     | Lost mutation: Armour fits poorly on your strangely shaped
                  | body. [potion of mutation]
 42567 | D:15     | Gained mutation: You are frail. (-10% HP) [potion of
                  | mutation]
 42567 | D:15     | Gained mutation: You are very frail. (-20% HP) [potion of
                  | mutation]
 42567 | D:15     | Gained mutation: You are agile. (Dex +4, Str/Int -1)
                  | [potion of mutation]
 42568 | D:15     | Lost mutation: You are agile. (Dex +4, Str/Int -1) [potion
                  | of mutation]
 42568 | D:15     | Lost mutation: You are very frail. (-20% HP) [potion of
                  | mutation]
 42568 | D:15     | Lost mutation: You are frail. (-10% HP) [potion of
                  | mutation]
 42568 | D:15     | Gained mutation: You are partially covered in iridescent
                  | scales. (AC +2) [potion of mutation]
 42568 | D:15     | Gained mutation: Your body sometimes deteriorates upon
                  | taking damage. [potion of mutation]
 42569 | D:15     | Lost mutation: You are partially covered in iridescent
                  | scales. (AC +2) [potion of mutation]
 42569 | D:15     | Lost mutation: Your body sometimes deteriorates upon taking
                  | damage. [potion of mutation]
 42569 | D:15     | Gained mutation: You are dopey. (Int -2) [potion of
                  | mutation]
 42569 | D:15     | Gained mutation: You occasionally lose the ability to drink
                  | potions when taking damage. [potion of mutation]
 42569 | D:15     | Lost mutation: You occasionally lose the ability to drink
                  | potions when taking damage. [potion of mutation]
 42569 | D:15     | Gained mutation: You are partially covered in iridescent
                  | scales. (AC +2) [potion of mutation]
 42581 | Depths:1 | Entered Level 1 of the Depths
 42581 | Depths:1 | Found a gateway to Hell.
 43007 | Depths:1 | Identified the +8 dagger of Vimm {drain, Will+ Dex+3}
 43124 | Depths:1 | Identified the +5 leather armour of Refuge {rF++}
 43136 | Depths:1 | Identified the ring of Vauked {*Slow rF- rN+++ rCorr Dex+6}
 43155 | Depths:1 | Found Gejuuwyv's Self-Improvement Boutique.
 43165 | Depths:1 | Bought a manual of Dodging for 1360 gold pieces
 43165 | Depths:1 | Bought a manual of Armour for 1360 gold pieces
 43205 | Depths:1 | Reached XP level 26. HP: 206/210 MP: 0/0
 43871 | Depths:2 | Found a corrupted altar of Lugonu.
 44132 | Depths:2 | Found a one-way gate leading to the halls of Pandemonium.
 44389 | Depths:2 | Found a runed translucent door.
 44417 | Depths:2 | Identified the +0 chain mail "Fuch" {Rampage Will+}
 44687 | Depths:3 | Noticed Xtahua
 44694 | Depths:3 | Killed Xtahua
 44815 | Depths:3 | Noticed Mennas
 44960 | Depths:3 | Noticed a juggernaut
 44962 | Depths:3 | Identified the +7 halberd "Soamn" {antimagic, Str+5 Int+4}
 44968 | Depths:3 | Killed a juggernaut
 44992 | Depths:3 | Found the +5 demon whip "Spellbinder" {antimagic, disrupt,
                  | Will+}
 45196 | Depths:3 | Found a portal to a secret trove of treasure.
 45211 | Depths:3 | Killed Mennas
 45753 | Depths:4 | Entered Level 4 of the Depths
 45855 | Depths:4 | Identified the +11 chain mail of the Vacuum {rC++ Regen+}
 45884 | Depths:4 | Reached XP level 27. HP: 218/218 MP: 0/0
 45884 | Depths:4 | Learned a level 9 spell: Chain Lightning
 46053 | Depths:4 | Reached skill level 10 in Armour
 46101 | Depths:4 | Found a one-way gateway to a ziggurat.
 46105 | Depths:4 | Paralysed by a floating eye for 4 turns
 46225 | Depths:4 | Reached skill level 10 in Shields
 46428 | Depths:4 | Found a white marble altar of Elyvilon.
 46734 | Depths:4 | Found a gate to the Realm of Zot.
 47110 | Vaults:4 | Lost mutation: You are partially covered in iridescent
                  | scales. (AC +2) [potion of mutation]
 47110 | Vaults:4 | Lost mutation: You are dopey. (Int -2) [potion of mutation]
 47110 | Vaults:4 | Gained mutation: Potions are less effective at restoring
                  | your health. [potion of mutation]
 47349 | D:15     | Lost mutation: Potions are less effective at restoring your
                  | health. [potion of mutation]
 47349 | D:15     | Gained mutation: Your spells are a little harder to cast,
                  | but a little more powerful. [potion of mutation]
 47349 | D:15     | Gained mutation: Your spells are harder to cast, but more
                  | powerful. [potion of mutation]
 47349 | D:15     | Gained mutation: You are covered in fur. (AC +1) [potion of
                  | mutation]
 47350 | D:15     | Lost mutation: You are covered in fur. (AC +1) [potion of
                  | mutation]
 47350 | D:15     | Lost mutation: Your spells are harder to cast, but more
                  | powerful. [potion of mutation]
 47350 | D:15     | Lost mutation: Your spells are a little harder to cast, but
                  | a little more powerful. [potion of mutation]
 47350 | D:15     | Gained mutation: Your muscles are strong. (Str +4, Int/Dex
                  | -1) [potion of mutation]
 47350 | D:15     | Gained mutation: You passively dampen the noise of your
                  | surroundings. [potion of mutation]
 47514 | Vaults:2 | Bought a scroll of revelation for 157 gold pieces
 47514 | Vaults:2 | Bought a scroll of blinking for 157 gold pieces
 47514 | Vaults:2 | Bought a scroll of fog for 84 gold pieces
 47514 | Vaults:2 | Bought a scroll of enchant armour for 157 gold pieces
 47514 | Vaults:2 | Bought a scroll of enchant armour for 157 gold pieces
 47597 | Vaults:5 | Entered Level 5 of the Vaults
 47727 | Vaults:5 | Identified the ring "Waetuyf" {rPois rF+ Int+3 Dex+2}
 47952 | Vaults:5 | Found Ojavvew's General Store.
 48184 | Vaults:5 | Identified the +1 chain mail of Youthful Indiscretion
                  | {Regen+ rCorr Slay+3}
 48232 | Vaults:5 | Identified the +8 bardiche of Miare {freeze, rElec rPois
                  | Dex-4}
 48242 | Vaults:5 | Reached skill level 27 in Ice Magic
 48558 | Vaults:5 | Got a silver rune of Zot
 48625 | Vaults:5 | Identified the +0 leather armour "Qocsir" {+Inv SInv}
 48723 | Vaults:5 | Identified the +1 robe "Saramofa" {Rampage rF- Dex+3}
 48974 | Vaults:5 | Identified the +8 short sword of the Forgotten Lives
                  | {heavy, rPois rC- Will+}
 48980 | Vaults:5 | Bought a scroll of enchant armour for 127 gold pieces
 48980 | Vaults:5 | Bought a potion of mutation for 136 gold pieces
 49337 | Zot:1    | Entered Level 1 of the Realm of Zot
 49483 | Zot:1    | Found the +2 hood of the Assassin {Detect Stab+ Stlth++}
 49823 | Zot:1    | Identified the +1 battleaxe of Watchfulness {drain, Str+6}
 51006 | Zot:3    | Noticed a Killer Klown
 51012 | Zot:3    | Killed a Killer Klown
 52659 | Zot:5    | Entered Level 5 of the Realm of Zot
 52669 | Zot:5    | Noticed an orb of fire
 52875 | Zot:5    | Gained mutation: You are dopey. (Int -2) [an orb of fire]
 52883 | Zot:5    | Killed an orb of fire
 53290 | Zot:5    | Noticed a dread lich
 53295 | Zot:5    | Killed a dread lich
 53308 | Zot:5    | Noticed an ancient lich
 53308 | Zot:5    | Noticed an orb of fire
 53315 | Zot:5    | Noticed an orb of fire
 53318 | Zot:5    | Killed an orb of fire
 53319 | Zot:5    | Reached skill level 27 in Spellcasting
 53319 | Zot:5    | Reached skill level 27 in Conjurations
 53319 | Zot:5    | Reached skill level 27 in Hexes
 53319 | Zot:5    | Reached skill level 27 in Summonings
 53319 | Zot:5    | Reached skill level 27 in Necromancy
 53319 | Zot:5    | Reached skill level 27 in Translocations
 53319 | Zot:5    | Reached skill level 27 in Transmutations
 53319 | Zot:5    | Reached skill level 27 in Fire Magic
 53319 | Zot:5    | Reached skill level 27 in Air Magic
 53319 | Zot:5    | Reached skill level 27 in Earth Magic
 53319 | Zot:5    | Reached skill level 27 in Poison Magic
 53324 | Zot:5    | Killed an ancient lich
 53324 | Zot:5    | Noticed an orb of fire
 53328 | Zot:5    | Killed an orb of fire
 53331 | Zot:5    | Noticed a Killer Klown
 53335 | Zot:5    | Noticed an orb of fire
 53336 | Zot:5    | Killed an orb of fire
 53698 | Zot:5    | Killed a Killer Klown
 53710 | Zot:5    | Killed an orb of fire
 53983 | Zot:5    | Noticed a Killer Klown
 53988 | Zot:5    | Killed a Killer Klown
 54421 | Zot:5    | Noticed a Killer Klown
 54422 | Zot:5    | Noticed a Killer Klown
 54424 | Zot:5    | Noticed an orb of fire
 54428 | Zot:5    | Gained mutation: Potions are less effective at restoring
                  | your health. [an orb of fire]
 54430 | Zot:5    | Killed an orb of fire
 54432 | Zot:5    | Killed a Killer Klown
 54433 | Zot:5    | Killed a Killer Klown
 54434 | Zot:5    | Noticed an orb of fire
 54434 | Zot:5    | Noticed a Killer Klown
 54439 | Zot:5    | Gained mutation: Your body sometimes deteriorates upon
                  | taking damage. [an orb of fire]
 54442 | Zot:5    | Killed an orb of fire
 54456 | Zot:5    | Killed a Killer Klown
 54525 | Zot:5    | Noticed an ancient lich
 54532 | Zot:5    | Killed an ancient lich
 54890 | Zot:5    | Found a runed translucent gate.
 54891 | Zot:5    | Found a runed translucent gate.
 54892 | Zot:5    | Found a runed translucent gate.
 54893 | Zot:5    | Noticed juan097's ghost (master MiBe)
 54975 | Zot:5    | Killed juan097's ghost
 55260 | Zot:5    | Identified the +0 hat of Perfidy {-Tele Harm Int-3 Dex+6}
 55426 | Hell     | Entered the Vestibule of Hell
 55426 | Hell     | Noticed Geryon
 55450 | Hell     | Killed Geryon
 55556 | Hell     | Found a gateway to the ashen valley of Gehenna.
 55790 | Hell     | Found a gateway to the decaying netherworld of Tartarus.
 55896 | Hell     | Found a gateway to the freezing wastes of Cocytus.
 56715 | Hell     | Found a gateway to the Iron City of Dis.
 57166 | Depths:3 | You paid a toll of a +6 demon trident to enter a treasure
                  | trove
 57167 | Trove    | Entered a treasure trove
 57450 | Orc:2    | Bought a scroll of revelation for 90 gold pieces
 57450 | Orc:2    | Bought a potion of might for 48 gold pieces
 57450 | Orc:2    | Bought a scroll of revelation for 90 gold pieces
 57450 | Orc:2    | Bought a potion of curing for 36 gold pieces
 57646 | Vaults:2 | Bought a scroll of teleportation for 63 gold pieces
 57646 | Vaults:2 | Bought 3 scrolls of butterflies for 252 gold pieces
 57646 | Vaults:2 | Bought a scroll of immolation for 84 gold pieces
 57647 | Vaults:2 | Upgraded the game from 0.31-a0-198-g2ad674f65e to
                  | 0.31-a0-202-g547052bce9
 58087 | Zot:5    | Got the Orb of Zot
 58151 | Zot:3    | Noticed Kevy the pandemonium lord
 58156 | Zot:3    | Killed Kevy the pandemonium lord
 58243 | Depths:4 | Lost mutation: Your body sometimes deteriorates upon taking
                  | damage. [potion of mutation]
 58243 | Depths:4 | Lost mutation: Potions are less effective at restoring your
                  | health. [potion of mutation]
 58243 | Depths:4 | Gained mutation: You are partially covered in iridescent
                  | scales. (AC +2) [potion of mutation]
 58243 | Depths:4 | Gained mutation: You occasionally lose the ability to drink
                  | potions when taking damage. [potion of mutation]
 58244 | Depths:4 | Lost mutation: You are partially covered in iridescent
                  | scales. (AC +2) [potion of mutation]
 58244 | Depths:4 | Lost mutation: Your muscles are strong. (Str +4, Int/Dex
                  | -1) [potion of mutation]
 58244 | Depths:4 | Lost mutation: You occasionally lose the ability to drink
                  | potions when taking damage. [potion of mutation]
 58244 | Depths:4 | Gained mutation: You possess an exceptional clarity of
                  | mind. [potion of mutation]
 58244 | Depths:4 | Gained mutation: You are partially covered in large bone
                  | plates. (SH +4) [potion of mutation]
 58369 | D:14     | Noticed a seraph
 58486 | D:9      | Noticed Yxzufus the pandemonium lord
 58722 | D:$      | Escaped with the Orb!

Illustrated notes

Levels and vault maps discovered:
D:1:      tekkud_arrival_beachfront_property, layout_basic
D:2:      layout_loops_cross, basic_altar, minmay_misc_feat_pillars,
          minmay_rat_hole
D:3:      layout_basic, hellmonk_ecumenical_altar_crossroads
D:4:      layout_loops_ring, serial_glass, glass_columns_b, glass_columns_b,
          feat_on_display, due_unseen_surprise, item_on_display_b, serial_shops,
          nicolae_shop_stone, chequers_jeans, wad_orctagon, uniq_blork_the_orc
D:5:      layout_loops_ring, mainiacjoe_overflow_chevrons, gammafunk_ghost_hive,
          kennysheep_generic_room_4, uniq_pikel
D:6:      layout_basic, general_overflow_altar, uniq_grinder
D:7:      minmay_chambers_of_sevens, layout_basic,
          mainiacjoe_overflow_two_lobes, minmay_temple_entry_junction
D:8:      layout_rooms
D:9:      minmay_bubble_buster, layout_basic, dreamdust_divine_triumvirate,
          marbit_many_paths, david_lair_shrubbed, uniq_maurice, uniq_erolcha,
          uniq_maggie
D:10:     layout_loops_ring, mainiacjoe_overflow_surrounded_room, serial_bayou,
          serial_bayou_lagoon_a, serial_bayou_ford_a, serial_bayou_lagoon_b,
          serial_bayou_crossing, minmay_statue_crystal_thing, uniq_joseph
D:11:     layout_irregular_city
D:12:     layout_roguey, david_orc_3, serial_curves, eino_curves_02,
          eino_curves_04
D:13:     layout_basic, gauntlet_entry_generic
D:14:     layout_loops_ring, david_vaults_5, grunt_ministairs_2
D:15:     grunt_enter_depths_giant_problem, layout_irregular_city,
          hangedman_abyss_or_decor_clamps, portal_ice_cave_entry_ice_statue_two,
          uniq_kirke, uniq_josephine
Temple:   oiseaux_autumnal_temple
Lair:1:   layout_roguey, nicolae_lair_grove_arrangements, lemuel_fruit_tree
Lair:2:   layout_roguey, nicolae_spider_entry_tight_spaces,
          nicolae_quartered_pool_medium, hangedman_tree_tricks,
          chequers_serial_rivers_room_b, uniq_sonja, uniq_gastronok,
          uniq_prince_ribbit2
Lair:3:   layout_long_grid, minmay_swamp_entry_worms, kennysheep_basilisk_garden
Lair:4:   layout_roguey, gammafunk_ghost_wrathful_warriors, special_room
          [special_room_bee], beast_lair_carwin_10, wad_woods_river_01
Lair:5:   hellmonk_lair_end_abyssal_woods, layout_regular_city, slime_entry_1,
          grunt_megastairs_3, infiniplex_staircase_pool
Swamp:1:  layout_basic_swamp, hangedman_swamp_ruin_wall
Swamp:2:  layout_basic_swamp, serial_swamp_ruin, evilmike_swamp_ruin_house_5,
          evilmike_swamp_ruin_house_2, swamp_pool1, infiniplex_staircase_pool_2
Swamp:3:  layout_falls_marsh, nicolae_swamp_very_dense_foliage, swamp_pool1,
          nicolae_swamp_vermiculated, uniq_nikola
Swamp:4:  swamp_alternative, layout_basic_swamp, swamp_pool1,
          beargit_kiku_chapel
Spider:1: layout_spider_delve
Spider:2: layout_spider_delve, hangedman_stitches_earthworm, uniq_mlioglotl
Spider:3: layout_spider_delve, hangedman_spider_tarantella_strand
Spider:4: grunt_spider_rune_circles
Slime:1:  layout_caves
Slime:2:  layout_caves, cheibrodos_slime_lost_civilization_5
Slime:3:  layout_caves
Slime:4:  layout_caves
Slime:5
Orc:1:    layout_caves
Orc:2:    grunt_orc_gardens, layout_diamond_mine, grunt_orc_garden,
          grunt_orc_garden, grunt_orc_garden, grunt_orc_garden
Elf:1:    eino_elf_arrival_the_gate, layout_loops_corners,
          hellmonk_ghost_big_iron, hangedman_elven_crosses_minicolossus
Elf:2:    elven_hall_of_blades_hangedman_original
          [nicolae_blade_entry_hurt_lockers], layout_loops_cross, uniq_agnes
Elf:3:    minmay_elf_hall_hex, layout_gridlike, hex_large
Vaults:1: mu_enter_wizlab_1, nicolae_vaults_minivaults,
          nicolae_vaults_variable_pillar_hall, grunt_vaults_funnel,
          vaults_room_grunt_arrival_ludios, nicolae_vaults_storage_closets_2,
          vaults_mumra_hex, nicolae_vaults_diamond_1, layout_vaults_omnigrid,
          uniq_asterion, uniq_saint_roka
Vaults:2: advil_vaults_ghost_lines, v_rooms_5,
          hangedman_vaults_hard_town_square, hangedman_vaults_variations,
          nicolae_vaults_network_star, v_misc_13, nicolae_vaults_double_plus_1,
          hangedman_vaults_stretched_pinwheel, layout_vaults_omnicross
Vaults:3: vaults_room_semicircle, v_alt_pattern_2,
          minmay_crypt_entry_necro_gods, nicolae_vaults_network_quinsquares
          [nicolae_vaults_network_quincunx_subvault,
          nicolae_vaults_network_quincunx_subvault,
          nicolae_vaults_network_quincunx_subvault,
          nicolae_vaults_network_quincunx_subvault],
          nicolae_vaults_murder_corner, nicolae_vaults_sealed_display,
          grunt_vaults_hallway_long, nicolae_vaults_two_Ls,
          ontoclasm_vaults_loading_screen, nicolae_vaults_tetromino_T_1,
          ontoclasm_vaults_fault, layout_vaults_chaotic_city, uniq_margery
Vaults:4: nicolae_vaults_taking_the_gang_shopping, v_misc_14, st_diamondy,
          nicolae_vaults_turnstiles, ontoclasm_vaults_ring_square,
          nicolae_vaults_network_periphery, ontoclasm_vaults_idyll, v_misc_1,
          v_alt_pattern_6, vaults_room_pool, v_misc_17, vaults_mumra_minichess,
          nicolae_vaults_house_2, nicolae_vaults_tetromino_T_1,
          layout_vaults_maze_bifur, uniq_mara, uniq_donald
Vaults:5: serial_shops
Depths:1: minmay_the_grid_square_5x5_5x5 [minmay_the_grid_square_5x5_v,
          minmay_the_grid_square_5x5_three, minmay_the_grid_square_5x5_inner_v,
          minmay_the_grid_square_5x5_one_wall,
          minmay_the_grid_square_5x5_pentomino_r,
          minmay_the_grid_square_5x5_spiral,
          minmay_the_grid_square_5x5_prize_snowflake,
          minmay_the_grid_square_5x5_two_walls_b,
          minmay_the_grid_square_5x5_prize_rear_guard,
          minmay_the_grid_square_5x5_hourglass,
          minmay_the_grid_square_5x5_inset,
          minmay_the_grid_square_5x5_two_small,
          minmay_the_grid_square_5x5_prize_deathbox,
          minmay_the_grid_square_5x5_broken_cross,
          minmay_the_grid_square_5x5_dogpile,
          minmay_the_grid_square_5x5_minimal,
          minmay_the_grid_square_5x5_prize_open,
          minmay_the_grid_square_5x5_shuriken,
          minmay_the_grid_square_5x5_prize_pseudospiral,
          minmay_the_grid_square_5x5_shrine2,
          minmay_the_grid_square_5x5_shrine1,
          minmay_the_grid_square_5x5_inverted_slash,
          minmay_the_grid_square_5x5_minibox,
          minmay_the_grid_square_5x5_sharp_hourglass,
          minmay_the_grid_square_5x5_c], layout_long_grid, hell_entry,
          serial_bayou_pond_b, chequers_decorated_corner, nicolae_shop_self_help
Depths:2: minmay_gate_of_8, layout_cave_pools, hell_entry,
          rand_demon_pan_entry_5, serial_co_window_serial, co_window_corner_a,
          co_window_corner_a, co_window_of_opportunity_a, co_window_paths_a,
          co_window_of_opportunity_a, co_window_corner_ca, co_window_broadway_a,
          co_window_cross_2, co_window_2corner, co_window_of_opportunity_b,
          glass_columns_c, abyss_entry_flame_altar, kiku_gazebo_pond_becter
Depths:3: giant_chief_lemuel, layout_cave_pools, abyss_entry_small_statue_room,
          nicolae_trove_entry_free_sample, hell_entry, kennysheep_small_spiral,
          minmay_staircase_statues_hall_small, uniq_xtahua, uniq_mennas
Depths:4: grunt_zot_entry_bicorn, layout_gridlike, enter_ziggurat_c, hell_entry,
          nicolae_elyvilon_temple_path, pan_entry
Hell
Zot:1:    layout_basic
Zot:2:    layout_cellular_growth, grunt_ministairs_8
Zot:3:    layout_misc_corridors, lemuel_baited_zot_trap
Zot:4:    layout_cathedral_of_symmetry
Zot:5:    layout_basic, gammafunk_ghost_tricky_traps

Skill      XL: |  1  2  3  4  5  6  7  8  9 10 11 12 13 14 15 16 17 18 19 20 21 22 23 24 25 26 27 |
---------------+----------------------------------------------------------------------------------+-----
Spellcasting   | 4 5 6 8 10 11 12 13 14 15 16 17 18 19 20 21 22 27 | 27.0
Conjurations   | 4 5 6 8 10 11 12 13 14 15 16 17 18 19 20 21 22 27 | 27.0
Hexes          | 4 5 6 8 10 11 12 13 14 15 16 17 18 19 20 21 22 27 | 27.0
Summonings     | 4 5 6 8 10 11 12 13 14 15 16 17 18 19 20 21 22 27 | 27.0
Necromancy     | 4 5 6 8 10 11 12 13 14 15 16 17 18 19 20 21 22 27 | 27.0
Translocations | 4 5 6 8 10 11 12 13 14 15 16 17 18 19 20 21 22 27 | 27.0
Transmutations | 4 5 6 8 10 11 12 13 14 15 16 17 18 19 20 21 22 27 | 27.0
Fire Magic     | 4 5 6 8 10 11 12 13 14 15 16 17 18 19 20 21 22 27 | 27.0
Ice Magic      | 4 5 6 8 10 11 12 13 14 15 16 17 18 19 20 21 22 24 27 | 27.0
Air Magic      | 4 5 6 8 10 11 12 13 14 15 16 17 18 19 20 21 22 27 | 27.0
Earth Magic    | 4 5 6 8 10 11 12 13 14 15 16 17 18 19 20 21 22 27 | 27.0
Poison Magic   | 4 5 6 8 10 11 12 13 14 15 16 17 18 19 20 21 22 27 | 27.0
Fighting       | 1 4 7 9 11 13 15 17 18 19 20 21 22 23 24 26 | 26.9
Armour         | 1 4 5 9 10 | 10.3
Shields        | 5 7 9 12 | 12.0
Evocations     | 4 5 |  5.0
Dodging        | 5 9 11 12 14 15 16 17 18 20 23 | 23.9
Stealth        | 2 |  2.0

Action                     |  1- 3 |  4- 6 |  7- 9 | 10-12 | 13-15 | 16-18 | 19-21 | 22-24 | 25-27 || total
---------------------------+-------+-------+-------+-------+-------+-------+-------+-------+-------++-------
  Melee: Dagger            |       |       |     4 |     9 |    24 |       |       |       |       ||    37
         Trident           |       |       |       |       |       |     1 |       |       |       ||     1
         Rapier            |       |       |       |       |       |     7 |     8 |       |       ||    15
         Bo                |       |       |       |       |       |       |     2 |     2 |     8 ||    12
  Throw: Dart              |       |       |       |     1 |     1 |     2 |       |       |       ||     4
   Cast: Magic Dart        |    51 |    39 |    32 |       |       |       |       |       |       ||   122
         Searing Ray       |     5 |    15 |    21 |    11 |    11 |       |       |       |       ||    63
         Fulminant Prism   |       |     1 |    26 |   109 |   127 |    39 |    10 |    43 |    15 ||   370
         Iskenderun's Myst |       |       |    30 |    99 |   258 |    96 |    61 |    50 |   111 ||   705
         Anguish           |       |       |     1 |     4 |       |       |       |       |       ||     5
         Fireball          |       |       |       |       |    60 |    98 |    41 |    43 |    69 ||   311
         Hailstorm         |       |       |       |       |     2 |     1 |       |       |       ||     3
         Plasma Beam       |       |       |       |       |    19 |   335 |   390 |   211 |   652 ||  1607
         Ozocubu's Refrige |       |       |       |       |       |    11 |    26 |    14 |   187 ||   238
         Irradiate         |       |       |       |       |       |     2 |    10 |     2 |     8 ||    22
         Summon Hydra      |       |       |       |       |       |       |     5 |     1 |       ||     6
         Disjunction       |       |       |       |       |       |       |     1 |       |       ||     1
         Lehudib's Crystal |       |       |       |       |       |       |       |    11 |    52 ||    63
         Chain Lightning   |       |       |       |       |       |       |       |       |    63 ||    63
         Maxwell's Capacit |       |       |       |       |       |       |       |       |    58 ||    58
  Evoke: Wand              |       |       |     2 |     1 |       |       |       |       |    14 ||    17
         Phial of floods   |       |       |       |       |       |       |       |       |     1 ||     1
         Horn of Geryon    |       |       |       |       |       |       |       |       |     1 ||     1
         Lightning rod     |       |       |       |       |       |       |       |       |     1 ||     1
    Use: Potion            |       |       |       |     1 |       |       |     1 |     1 |    17 ||    20
         Scroll            |       |       |       |    12 |    11 |     5 |     5 |     1 |    20 ||    54
   Stab: Sleeping          |       |       |       |     1 |       |       |       |       |       ||     1
 Armour: Robe              |       |     6 |    14 |    15 |       |     7 |       |       |       ||    42
         Troll leather arm |       |       |       |    19 |    69 |     2 |       |       |       ||    90
         Animal skin       |       |       |       |       |       |    10 |    18 |     2 |    59 ||    89
  Dodge: Dodged            |     6 |    18 |    25 |    49 |    65 |    64 |    75 |    32 |   215 ||   549
  Block: Buckler           |       |       |       |    13 |    31 |    57 |    72 |    24 |    11 ||   208
         Reflection        |       |       |       |       |       |    16 |    10 |    13 |    16 ||    55
         Kite shield       |       |       |       |       |       |       |       |       |   204 ||   204

Table legend: (Time is in decaauts)
 A = Elapsed time spent in this place.
 B = Non-inter-level travel time spent in this place.
 C = Inter-level travel time spent in this place.
 D = Time resting spent in this place.
 E = Time spent auto-exploring this place.
 F = Levels seen in this place.
 G = Mean time per level.
                   A        B        C        D        E       F      G
               +--------+--------+--------+--------+--------+-----+--------+
         Total |  58772 |  50339 |   8433 |   9676 |  20630 |  58 | 1013.3 |
       Dungeon |  16897 |  13672 |   3225 |   2820 |   6509 |  15 | 1126.5 |
        Temple |    306 |    228 |     78 |      0 |    177 |   1 |  306.0 |
          Lair |   5938 |   4569 |   1369 |    252 |   2444 |   5 | 1187.6 |
         Swamp |   3588 |   3447 |    141 |    850 |   1095 |   4 |  897.0 |
   Spider Nest |   3252 |   2991 |    261 |    678 |   1026 |   4 |  813.0 |
    Slime Pits |   2292 |   2062 |    230 |    323 |   1182 |   5 |  458.4 |
  Orcish Mines |   1510 |   1240 |    270 |    370 |    610 |   2 |  755.0 |
   Elven Halls |   3300 |   2981 |    319 |    273 |   1456 |   3 | 1100.0 |
        Vaults |   7306 |   6245 |   1061 |    564 |   2375 |   5 | 1461.2 |
        Depths |   5283 |   4352 |    931 |    675 |   1621 |   4 | 1320.8 |
          Hell |   1056 |   1029 |     27 |    459 |    253 |   1 | 1056.0 |
           Zot |   6361 |   5846 |    515 |   1884 |   1877 |   5 | 1272.2 |
         Trove |     93 |     93 |      0 |      0 |      0 |   1 |   93.0 |
      Ice Cave |    686 |    686 |      0 |    286 |      5 |   1 |  686.0 |
        Wizlab |    434 |    434 |      0 |    118 |      0 |   1 |  434.0 |
      Gauntlet |    462 |    462 |      0 |    123 |      0 |   1 |  462.0 |
               +--------+--------+--------+--------+--------+-----+--------+

Top non-repeatable levels by time:
   Zot:5: 2404 daAuts
    D:14: 1918 daAuts
Vaults:1: 1852 daAuts
   Zot:4: 1637 daAuts
     D:9: 1570 daAuts
Depths:4: 1537 daAuts
Vaults:3: 1500 daAuts
     D:7: 1481 daAuts
Vaults:5: 1438 daAuts
Vaults:2: 1422 daAuts
  Lair:5: 1345 daAuts
    D:12: 1345 daAuts
  Lair:4: 1338 daAuts
     D:4: 1329 daAuts
Depths:1: 1317 daAuts
